 Dungeon Crawl Stone Soup version 0.18.1-50-g88ac8fd (webtiles) character file.

525 Peloso the Shield-Bearer (level 7, -9/61 HPs)
             Began as a Minotaur Fighter on Sept 24, 2016.
             Killed by nerve-wracking pain
             ... invoked by an orc priest
              (11 damage)
             ... on level 4 of the Dungeon.
             The game lasted 00:06:21 (2885 turns).

Peloso the Shield-Bearer (Minotaur Fighter)         Turns: 2885, Time: 00:06:23

Health: -9/61      AC:  7    Str: 21    XL:     7   Next: 2%
Magic:  6/6        EV:  9    Int:  5    God:
Gold:   241        SH: 10    Dex: 11    Spells: 0 memorised, 6 levels left

rFire  . . .     SeeInvis +     a - +0 long sword
rCold  . . .     Gourm    .     m - +0 scale mail (curse)
rNeg   . . .     Faith    .     c - +0 shield
rPois  .         Spirit   .     (helmet restricted)
rElec  .         Dismiss  .     (no cloak)
rCorr  .         Reflect  .     (no gloves)
SustAt .         Harm     .     (no boots)
MR     .....                    (no amulet)
Stlth  ..........               (no ring)
                                h - ring of see invisible

@: not resistant to hostile enchantments, extremely unstealthy
A: retaliatory headbutt, horns 2
a: no special abilities


You were on level 4 of the Dungeon.
You were hungry.

You visited 1 branch of the dungeon, and saw 4 of its levels.

You collected 241 gold pieces.

Inventory:

Hand Weapons
 a - a +0 long sword (weapon)
Armour
 b - a +0 scale mail
 c - a +0 shield (worn)
 m - a cursed +0 scale mail (worn)
 q - a cursed +0 chain mail
Jewellery
 h - a ring of see invisible (left hand)
 r - an uncursed amulet of dismissal
Wands
 l - a wand of heal wounds (4/9)
Scrolls
 i - a scroll of fog {unknown}
 j - a scroll of enchant weapon {unknown}
Potions
 d - 2 potions of might
 g - 3 potions of curing
 n - a potion of heal wounds {unknown}
 o - 2 potions of cure mutation {unknown}
 s - a potion of mutation {unknown}
 t - a potion of brilliance {unknown}
Comestibles
 f - 2 bread rations
 u - a meat ration


   Skills:
 + Level 5.0 Fighting
 + Level 4.2 Long Blades
 + Level 5.7 Armour
 + Level 3.1 Dodging
 + Level 0.3 Stealth
 + Level 5.7 Shields


You had 6 spell levels left.
You didn't know any spells.

Dungeon Overview and Level Annotations

Branches:
Dungeon (4/15)
 Temple: D:4-7

Altars:
Ashenzari
Nemelex Xobeh
Qazlal


Innate Abilities, Weirdness & Mutations

You reflexively headbutt those who attack you in melee.
You have a pair of horns on your head.


Message History

The orc wizard looks braver for a moment.
You hit the orc wizard.
You kill the orc wizard!
Your Fighting skill increases to level 5!
You have reached level 7!
You slash the orc!
You kill the orc!
You barely miss the orc priest. The orc priest barely misses you.
You hit the orc priest.
The orc priest is moderately wounded.
The orc priest hits you with a flail.
* * * LOW HITPOINT WARNING * * *
You slash the orc priest!
The orc priest is almost dead.
The orc priest mumbles some strange prayers to Beogh against you.
Pain shoots through your body!
* * * LOW HITPOINT WARNING * * *
The orc priest calls down the wrath of Beogh upon you.
Pain shoots through your body!
You die...

.##
#.........####
..
#............##
#.
.....##+####..#
##.##. ##.## ..
#..# # ##.##
#..#
..##########.#
.......@oo...#
#########o#..#
#..#..#
.o.##..# .oo.#
...# #(o.# ...#
....$ #...#
#..8 8...# #...


You could see an orc priest and 2 orcs.

Vanquished Creatures
  An orc warrior (D:4)
  A phantom (D:4)
  Blork the orc (D:4)
  A gnoll shaman (D:4)
  A hound (D:4)
  An orc wizard (D:4)
  Ijyb (D:3)
  7 gnolls
  3 adders (D:2)
  3 worms
  A dart slug (D:3)
  3 orcs
  11 bats
  2 giant cockroaches
  10 goblins
  8 hobgoblins
  3 jackals (D:1)
  11 kobolds
  A ball python (D:2)
  5 giant newts
  8 rats
83 creatures vanquished.

Notes
Turn   | Place    | Note
--------------------------------------------------------------
     0 | D:1      | Peloso the Minotaur Fighter began the quest for the Orb.
     0 | D:1      | Reached XP level 1. HP: 19/19 MP: 0/0
    62 | D:1      | Reached XP level 2. HP: 23/27 MP: 1/1
    98 | D:1      | HP: 1/27 [poisoned by a goblin]
   569 | D:1      | Reached XP level 3. HP: 30/33 MP: 2/2
  1076 | D:2      | Found a sparkling altar of Nemelex Xobeh.
  1231 | D:2      | Reached XP level 4. HP: 39/40 MP: 3/3
  1579 | D:3      | Reached skill level 1 in Dodging
  1651 | D:3      | Found a faded altar to an unknown god.
  1732 | D:3      | Noticed Ijyb
  1740 | D:3      | Killed Ijyb
  1740 | D:3      | Reached skill level 5 in Shields
  1740 | D:3      | Reached XP level 5. HP: 30/46 MP: 4/4
  2261 | D:4      | Found a shattered altar of Ashenzari.
  2291 | D:4      | Reached skill level 5 in Armour
  2498 | D:4      | Noticed Blork the orc
  2509 | D:4      | Killed Blork the orc
  2509 | D:4      | Reached XP level 6. HP: 53/53 MP: 5/5
  2655 | D:4      | Found a stormy altar of Qazlal.
  2853 | D:4      | Noticed an orc warrior
  2866 | D:4      | Killed an orc warrior
  2881 | D:4      | Reached skill level 5 in Fighting
  2881 | D:4      | Reached XP level 7. HP: 13/61 MP: 6/6
  2885 | D:4      | HP: 2/61 [orc priest/nerve-wracking pain (8)]
  2885 | D:4      | Killed from afar by an orc priest

Skill      XL: |  1  2  3  4  5  6 |
---------------+-------------------+-----
Shields        | 4 5 |  5.7
Armour         | 4 5 |  5.7
Fighting       | 4 5 |  5.0
Long Blades    | 3 4 |  4.2
Dodging        | 1 2 3 |  3.1
Stealth        | |  0.3

Action                   |  1- 3 |  4- 6 |  7- 9 || total
-------------------------+-------+-------+-------++-------
Melee: Long sword        |   112 |   140 |     4 ||   256
       Headbutt          |     9 |    20 |       ||    29
  Use: Scroll            |     1 |     2 |       ||     3
       Potion            |       |     1 |       ||     1
  Eat: Chunk             |     1 |     5 |       ||     6
Armor: Scale mail        |    62 |    43 |       ||   105
Dodge: Dodged            |    31 |    42 |     1 ||    74
Block: Shield            |    63 |    64 |       ||   127
